 Dungeon Crawl Stone Soup version 0.31.0-9-g3a7656b989 (webtiles) character file.

Game seed: 647291226274484997

11134 qw the Markself (level 11, -1/66 HPs)
             Began as a Deep Elf Hunter on Feb 2, 2024.
             Was an Elder of Okawaru.
             Slain by a death yak (17 damage)
             ... on level 1 of the Lair of Beasts.
             The game lasted 00:00:52 (6316 turns).

qw the Markself (Deep Elf Hunter)                   Turns: 6316, Time: 00:00:53

Health: -1/66      AC: 15    Str: 16    XL:     11   Next: 45%
Magic:  11/16      EV: 23    Int: 14    God:    Okawaru [****..]
Gold:   424        SH:  5    Dex: 23    Spells: 10/10 levels left

rFire   + . .        p - +0 orcbow
rCold   . . .        (shield currently unavailable)
rNeg    . . .        f - +0 ring mail
rPois   .            c - +0 helmet
rElec   .            q - scarf {repulsion}
rCorr   .            b - +2 pair of gloves
SInv    .            m - +2 pair of slick slippers {slick, slippery, EV+4}
Will    +....        s - amulet of reflection
Stlth   ++           a - +6 ring of dexterity
HPRegen 0.31/turn    i - ring of protection from fire
MPRegen 0.15/turn

%: repel missiles, reflection
@: finesse-ful
A: claws 1, iridescent scales 2, strong 1
a: Renounce Religion, Heroism, Finesse


You were on level 1 of the Lair of Beasts.
You worshipped Okawaru.
Okawaru was greatly pleased with you.
You visited 3 branches of the dungeon, and saw 11 of its levels.

You collected 424 gold pieces.


Innate Abilities, Weirdness & Mutations

You have sharp fingernails.
You are mostly covered in iridescent scales. (AC +4)
Your muscles are strong. (Str +4, Int/Dex -1)


   Skills:
 + Level 6.8 Fighting
 - Level 18.5 Ranged Weapons
 - Level 3.1 Armour
 - Level 11.0 Dodging
 - Level 1.2 Stealth
 + Level 4.3 Invocations


You had 10 spell levels left.
You didn't know any spells.
Your spell library was empty.

Inventory:

Hand Weapons
 p - a +0 orcbow (weapon)
Armour
 b - a +2 pair of gloves (worn)
 c - a +0 helmet (worn)
 e - the scarf of Twilight {rC+ rF+, Int+4}
   (You found it on level 7 of the Dungeon)

   Int+4:     It affects your intelligence (+4).
 f - a +0 ring mail (worn)
 m - the +2 pair of slick slippers (worn) {slick, slippery, EV+4}
   (You found it on level 6 of the Dungeon)

   Slick:     Its wearer cannot be constricted, engulfed, netted or webbed.
   Slippery:  Its wearer slips away from damaging melee attacks, pulling the
   attacker onward.
   EV+4:      It affects your evasion (+4).
 q - a scarf of repulsion (worn)
 u - a +0 cloak
Jewellery
 a - a +6 ring of dexterity (left hand)
 i - a ring of protection from fire (right hand)
 n - a ring of positive energy
 s - an amulet of reflection (around neck)
 t - a ring of willpower
Wands
 k - a wand of polymorph (5)
 l - a wand of digging (5)
 r - a wand of iceblast (4)
 v - a wand of paralysis (2)
Scrolls
 w - a scroll of enchant weapon {unknown}
Potions
 g - 2 potions of curing
 h - 2 potions of might
 j - 3 potions of mutation
 o - a potion of resistance

Dungeon Overview and Level Annotations

Branches:
Dungeon (9/15)             Temple (1/1) D:7            Lair (1/5) D:9
    Orc: D:9-12

Altars:
Ashenzari
Cheibriados
Dithmenos
Elyvilon
Fedhas
Gozag
Hepliaklqana
Kikubaaqudgha
Makhleb
Nemelex Xobeh
Okawaru
Qazlal
Ru
Sif Muna
Trog
Uskayaw
Vehumet
Wu Jian
Xom
Yredelemnul
Zin
The Shining One

Shops:
D:7 [:

Annotations:
D:3 2 transporters, qw's ghost, weakling SpHu
D:7 1 runed translucent door, Crazy Yiuf


Message History

You shoot an arrow. The arrow hits the water moccasin!
You kill the water moccasin!
Okawaru accepts your kill.
You start resting.
A wolf comes into view.
You shoot an arrow. The arrow closely misses the wolf.
The wolf howls!
You start resting.
A wolf is nearby!
You shoot an arrow. The arrow barely misses the wolf.
You shoot an arrow. The arrow hits the wolf!!
You kill the wolf!
Okawaru accepts your kill.
6306 ||| INVOKING Finesse.
You can now deal lightning-fast blows.
You shoot an arrow. The arrow hits the death yak.
The death yak is lightly wounded.
You shoot an arrow.
The arrow hits the death yak but does no damage.
The death yak is lightly wounded.
You shoot an arrow. The arrow hits the death yak!
The death yak is lightly wounded.
You shoot an arrow. The arrow hits the death yak!
The death yak is moderately wounded.
You shoot an arrow.
The arrow hits the death yak but does no damage.
The death yak is moderately wounded.
The death yak gores you but does no damage.
You shoot an arrow. The arrow hits the death yak.
The death yak is moderately wounded.
You shoot an arrow. The arrow barely misses the death yak.
You shoot an arrow. The arrow hits the death yak!
The death yak is heavily wounded.
The death yak gores you!
You slip backwards!
You shoot an arrow.
The arrow hits the death yak but does no damage.
The death yak is moderately wounded.
You shoot an arrow. The arrow barely misses the death yak.
The death yak gores you!
You die...

..#.##....... .##....## ..
...##...# .. ##Y?##..## ..
#..Y##...#### .# .
##..#.......### .####..
##Y.#Y...#...### ###...l.>.
#..#..........## ##.#...#
##.###......#.@######......#
#.# #.%##.##Y.%##.###.#.#.##
#.. ###%#.#%#......%..#....#
###..
#...%%###.##..........#
##...# ##....#
####......%..## ....#
#....## #...##....#
...###.....## ##...####..##
#..P#...#.... #....# #....#
#..#..#####.###.### ##..##


You could see a death yak.

Vanquished Creatures
  Erica (D:8)
  A two-headed ogre (D:7)
  2 death yaks (Lair:1)
  Maurice (D:7)
  A torpor snail (Lair:1)
  Jeremiah (D:7)
  3 komodo dragons (Lair:1)
  A troll (D:9)
  A polar bear (D:9)
  A hornet (D:8)
  Grinder (D:3)
  A wraith (D:9)
  2 wyverns
  8 yaks
  3 vampire mosquitoes (D:8)
  A steam dragon (D:9)
  An acid dragon (D:9)
  3 water moccasins
  2 ice beasts
  A black bear (D:8)
  3 orc warriors
  4 ogres
  7 wolves (Lair:1)
  A centaur (D:7)
  2 phantoms
  6 bullfrogs
  2 kobold brigands
  5 wights (D:7)
  4 killer bees (D:9)
  A bombardier beetle (D:5)
  3 hounds
  2 orc priests
  A jelly (D:5)
  2 sleepcaps
  2 iguanas (D:4)
  8 orc wizards
  A gnoll (D:1)
  4 adders
  A shadow imp (D:6)
  A white imp (D:6)
  3 dart slugs
  2 ribbon worms (D:2)
  17 orcs
  5 ball pythons
  6 endoplasms
  6 giant cockroaches
  5 goblins
  2 hobgoblins
  5 jackals
  A quokka (D:4)
  4 frilled lizards (D:1)
  18 kobolds
  6 rats
176 creatures vanquished.

Notes
Turn   | Place    | Note
-------+----------+-------------------------------------------
     0 | D:1      | qw the Deep Elf Hunter began the quest for the Orb.
     0 | D:1      | Reached XP level 1. HP: 12/12 MP: 3/3
     0 | D:1      | 0 ||| qw: Version: 0.3-a-155-g5e7d8dd
     0 | D:1      | 0 ||| qw: Game counter: 2583
     0 | D:1      | 0 ||| qw: Melee chars always use a shield: true
     0 | D:1      | 0 ||| qw: God list: Okawaru
     0 | D:1      | 0 ||| qw: Allow faded altars: false
     0 | D:1      | 0 ||| qw: Do Orc after clearing Dungeon:15 true
     0 | D:1      | 0 ||| qw: Do second Lair branch before Depths: true
     0 | D:1      | 0 ||| qw: Lair rune preference: random
     0 | D:1      | 0 ||| qw: Goals: Normal
     0 | D:1      | 0 ||| PLANNING D:1-11
    69 | D:1      | Reached skill level 6 in Ranged Weapons
    69 | D:1      | Reached XP level 2. HP: 16/16 MP: 4/4
   389 | D:1      | Reached XP level 3. HP: 20/20 MP: 5/5
   743 | D:1      | 743 ||| UPGRADING to amulet of regeneration.
   748 | D:1      | 748 ||| READING 2 scrolls labelled VUIGGIASSY.
   751 | D:1      | 751 ||| READING scroll labelled LOOSALU YFEYR.
   752 | D:1      | 752 ||| READING scroll labelled FETUODDIYG.
   753 | D:1      | 753 ||| DROPPING scroll of butterflies.
   805 | D:2      | Reached skill level 7 in Ranged Weapons
   913 | D:2      | HP: 5/20 [ribbon worm (2)]
   914 | D:2      | 914 ||| READING scroll of teleportation.
  1109 | D:2      | Reached XP level 4. HP: 24/25 MP: 6/6
  1417 | D:2      | 1417 ||| UPGRADING to +2 pair of gloves.
  1422 | D:2      | 1422 ||| UPGRADING to +0 ring mail.
  1432 | D:2      | 1432 ||| DROPPING +0 leather armour.
  1433 | D:2      | 1433 ||| DRINKING 2 puce potions.
  1571 | D:3      | Found a transporter.
  1573 | D:3      | Noticed qw's ghost (weakling SpHu)
  1577 | D:3      | Noticed an ogre
  1585 | D:3      | Killed an ogre
  1586 | D:3      | Reached skill level 8 in Ranged Weapons
  1586 | D:3      | Reached XP level 5. HP: 15/29 MP: 7/7
  1712 | D:3      | Noticed Grinder
  1713 | D:3      | Paralysed by Grinder for 3 turns
  1726 | D:3      | Paralysed by Grinder for 4 turns
  1735 | D:3      | Killed Grinder
  1736 | D:3      | Reached skill level 10 in Ranged Weapons
  1736 | D:3      | Reached XP level 6. HP: 27/34 MP: 8/8
  1756 | D:3      | Found a transporter.
  1865 | D:3      | 1865 ||| UPGRADING to +0 helmet.
  1870 | D:3      | 1870 ||| UPGRADING to +0 pair of boots.
  1875 | D:3      | 1875 ||| READING scroll labelled BUZXUIXZYG.
  1876 | D:3      | 1876 ||| READING scroll labelled JIDELL AMUI.
  1876 | D:3      | 1876 ||| IDENTIFYING sapphire potion
  1877 | D:3      | 1877 ||| READING scroll labelled QUPRE CUOROXT.
  1878 | D:3      | 1878 ||| DRINKING 2 dark potions.
  1878 | D:3      | Gained mutation: You have sharp fingernails. [potion of
                  | mutation]
  1878 | D:3      | Gained mutation: Your muscles are strong. (Str +4, Int/Dex
                  | -1) [potion of mutation]
  1878 | D:3      | Gained mutation: You are partially covered in iridescent
                  | scales. (AC +2) [potion of mutation]
  1878 | D:3      | Gained mutation: You are mostly covered in iridescent
                  | scales. (AC +4) [potion of mutation]
  1929 | D:4      | Reached skill level 1 in Armour
  2116 | D:4      | Reached skill level 3 in Dodging
  2215 | D:4      | 2215 ||| SWAPPING to +0 orcbow.
  2217 | D:4      | 2217 ||| DROPPING +0 shortbow.
  2220 | D:4      | 2220 ||| FLEEEEING.
  2226 | D:4      | Reached XP level 7. HP: 40/40 MP: 9/9
  2397 | D:4      | 2397 ||| READING scroll of identify.
  2397 | D:4      | 2397 ||| IDENTIFYING emerald potion
  2398 | D:4      | 2398 ||| DRINKING potion of experience.
  2398 | D:4      | Reached skill level 18 in Ranged Weapons
  2398 | D:4      | Reached XP level 8. HP: 44/44 MP: 10/10
  2399 | D:4      | 2399 ||| READING scroll labelled PEAKLE SOPPA.
  2400 | D:4      | 2400 ||| READING 2 scrolls labelled ESSITOOLIB.
  2401 | D:4      | 2401 ||| DRINKING 3 metallic yellow potions.
  2422 | D:4      | 2422 ||| DROPPING 2 potions of lignification.
  2423 | D:4      | 2423 ||| DROPPING scroll of fog.
  2428 | D:5      | Entered Level 5 of the Dungeon
  2896 | D:5      | 2896 ||| UPGRADING to +6 ring of dexterity.
  2897 | D:5      | 2897 ||| UPGRADING to ring of protection from fire.
  2898 | D:5      | 2898 ||| READING scroll of identify.
  2898 | D:5      | 2898 ||| IDENTIFYING scroll labelled CEIZXA ICUFF
  2899 | D:5      | 2899 ||| READING scroll labelled IGOLEN OJUFOFF.
  3000 | D:5      | 3000 ||| READING scroll labelled RESADD NAWN.
  3019 | D:5      | 3019 ||| READING 3 scrolls labelled PUJORGH NIES PACH.
  3020 | D:5      | 3020 ||| DROPPING scroll of noise.
  3021 | D:5      | 3021 ||| DROPPING 2 scrolls of summoning.
  3028 | D:6      | 3028 ||| STAIRDANCE
  3032 | D:6      | 3032 ||| STAIRDANCE
  3109 | D:6      | Found the +2 pair of slick slippers {slick, slippery, EV+4}
  3473 | D:6      | 3473 ||| UPGRADING to +2 pair of slick slippers {slick,
                  | slippery, EV+4}.
  3483 | D:6      | 3483 ||| DROPPING +0 pair of boots.
  3484 | D:6      | 3484 ||| UPGRADING to scarf of repulsion.
  3489 | D:6      | 3489 ||| DROPPING amulet of the acrobat.
  3503 | D:7      | 3503 ||| STAIRDANCE
  3522 | D:7      | Reached skill level 3 in Fighting
  3554 | D:7      | Reached XP level 9. HP: 50/50 MP: 11/11
  3665 | D:7      | 3665 ||| RETREEEEATING.
  3667 | D:7      | Reached skill level 6 in Dodging
  3668 | D:7      | 3668 ||| RETREEEEATING.
  3675 | D:7      | 3675 ||| RETREEEEATING.
  3676 | D:7      | 3676 ||| RETREEEEATING.
  3709 | D:7      | Found Desurph's Antique Armour Shop.
  3742 | D:7      | Noticed Maurice
  3752 | D:7      | Killed Maurice
  3758 | D:7      | Found a staircase to the Ecumenical Temple.
  3759 | D:7      | 3759 ||| PLANNING TEMPLE
  3759 | D:7      | 3759 ||| UPGRADING to amulet of reflection.
  3769 | D:7      | 3769 ||| DROPPING amulet of regeneration.
  3770 | D:7      | 3770 ||| READING scroll of identify.
  3770 | D:7      | 3770 ||| IDENTIFYING bubbling clear potion
  3771 | D:7      | 3771 ||| DROPPING potion of degeneration.
  3775 | D:7      | Noticed Jeremiah
  3781 | D:7      | 3781 ||| FLEEEEING.
  3782 | D:7      | 3782 ||| FLEEEEING.
  3783 | D:7      | 3783 ||| FLEEEEING.
  3784 | D:7      | 3784 ||| FLEEEEING.
  3785 | D:7      | 3785 ||| FLEEEEING.
  3786 | D:7      | 3786 ||| FLEEEEING.
  3787 | D:7      | 3787 ||| FLEEEEING.
  3788 | D:7      | 3788 ||| FLEEEEING.
  3790 | D:7      | 3790 ||| FLEEEEING.
  3791 | D:7      | 3791 ||| FLEEEEING.
  3792 | D:7      | 3792 ||| FLEEEEING.
  3793 | D:7      | 3793 ||| FLEEEEING.
  3794 | D:7      | 3794 ||| STAIRDANCE
  3840 | D:7      | 3840 ||| STAIRDANCE
  3882 | D:7      | 3882 ||| ZAPPING wand of iceblast (15) at 3,-3 (floor).
  3883 | D:7      | 3883 ||| ZAPPING wand of iceblast (14) at 3,-4 (Jeremiah;
                  | floor).
  3884 | D:7      | 3884 ||| ZAPPING wand of iceblast (13) at 3,-4 (Jeremiah;
                  | floor).
  3885 | D:7      | 3885 ||| STAIRDANCE
  3922 | D:7      | 3922 ||| FLEEEEING.
  3923 | D:7      | 3923 ||| STAIRDANCE
  3974 | D:7      | 3974 ||| ZAPPING wand of iceblast (12) at 4,0 (floor).
  3978 | D:7      | 3978 ||| FLEEEEING.
  3979 | D:7      | 3979 ||| STAIRDANCE
  4072 | D:7      | 4072 ||| ZAPPING wand of iceblast (11) at 4,-3 (floor).
  4074 | D:7      | 4074 ||| STAIRDANCE
  4123 | D:7      | 4123 ||| ZAPPING wand of iceblast (10) at 2,0 (Jeremiah;
                  | floor).
  4123 | D:7      | Killed Jeremiah
  4139 | Temple   | Entered the Ecumenical Temple
  4140 | Temple   | 4140 ||| PLANNING OKAWARU WORSHIP
  4159 | Temple   | Became a worshipper of Warmaster Okawaru
  4160 | Temple   | 4160 ||| PLANNING D:1-11
  4214 | D:7      | Identified the scarf of Twilight {rC+ rF+, Int+4}
  4247 | D:7      | Noticed a two-headed ogre
  4258 | D:7      | Killed a two-headed ogre
  4316 | D:7      | Found Iwiadgh's Self-Improvement Boutique.
  4420 | D:7      | Found a runed translucent door.
  4421 | D:7      | Noticed Crazy Yiuf
  4563 | D:8      | Reached XP level 10. HP: 53/58 MP: 12/12
  4625 | D:8      | Noticed Erica
  4629 | D:8      | 4629 ||| ZAPPING wand of iceblast (9) at 5,-4 (Erica;
                  | floor).
  4630 | D:8      | 4630 ||| ZAPPING wand of iceblast (8) at 4,-3 (Erica;
                  | floor).
  4631 | D:8      | 4631 ||| ZAPPING wand of iceblast (7) at 4,-3 (Erica;
                  | floor).
  4632 | D:8      | 4632 ||| ZAPPING wand of iceblast (6) at 2,-2 (floor).
  4633 | D:8      | 4633 ||| ZAPPING wand of iceblast (5) at 2,-2 (Erica;
                  | floor).
  4633 | D:8      | Killed Erica
  4633 | D:8      | Reached * piety under Okawaru
  4658 | D:8      | Reached skill level 1 in Invocations
  4691 | D:8      | 4691 ||| RETREEEEATING.
  4692 | D:8      | 4692 ||| RETREEEEATING.
  4693 | D:8      | 4693 ||| RETREEEEATING.
  4694 | D:8      | 4694 ||| RETREEEEATING.
  4695 | D:8      | 4695 ||| RETREEEEATING.
  4703 | D:8      | 4703 ||| INVOKING Heroism.
  4706 | D:8      | 4706 ||| RETREEEEATING.
  4707 | D:8      | 4707 ||| RETREEEEATING.
  4708 | D:8      | 4708 ||| RETREEEEATING.
  4709 | D:8      | 4709 ||| RETREEEEATING.
  4710 | D:8      | 4710 ||| RETREEEEATING.
  4713 | D:8      | Reached ** piety under Okawaru
  4781 | D:8      | Found a broken altar of Ashenzari.
  4927 | D:8      | Found an opulent altar of Gozag.
  5060 | D:8      | 5060 ||| DROPPING amulet of guardian spirit.
  5061 | D:8      | 5061 ||| READING scroll of identify.
  5061 | D:8      | 5061 ||| IDENTIFYING sedimented red potion
  5133 | D:9      | 5133 ||| RETREEEEATING.
  5134 | D:9      | 5134 ||| RETREEEEATING.
  5135 | D:9      | 5135 ||| RETREEEEATING.
  5137 | D:9      | 5137 ||| RETREEEEATING.
  5139 | D:9      | 5139 ||| RETREEEEATING.
  5151 | D:9      | Reached skill level 3 in Invocations
  5196 | D:9      | Reached skill level 9 in Dodging
  5286 | D:9      | 5286 ||| RETREEEEATING.
  5287 | D:9      | 5287 ||| RETREEEEATING.
  5288 | D:9      | 5288 ||| RETREEEEATING.
  5289 | D:9      | 5289 ||| RETREEEEATING.
  5291 | D:9      | 5291 ||| RETREEEEATING.
  5292 | D:9      | 5292 ||| RETREEEEATING.
  5295 | D:9      | 5295 ||| RETREEEEATING.
  5296 | D:9      | 5296 ||| RETREEEEATING.
  5297 | D:9      | 5297 ||| RETREEEEATING.
  5298 | D:9      | 5298 ||| RETREEEEATING.
  5299 | D:9      | 5299 ||| RETREEEEATING.
  5300 | D:9      | 5300 ||| RETREEEEATING.
  5301 | D:9      | 5301 ||| RETREEEEATING.
  5302 | D:9      | 5302 ||| RETREEEEATING.
  5303 | D:9      | 5303 ||| STAIRDANCE
  5340 | D:8      | 5340 ||| READING 2 scrolls of identify.
  5340 | D:8      | 5340 ||| IDENTIFYING purple potion
  5341 | D:8      | 5341 ||| READING scroll of identify.
  5341 | D:8      | 5341 ||| IDENTIFYING red potion
  5342 | D:8      | 5342 ||| DROPPING potion of attraction.
  5497 | D:9      | Found a staircase to the Lair.
  5550 | D:9      | Reached *** piety under Okawaru
  5761 | D:9      | 5761 ||| PLANNING LAIR
  5761 | D:9      | 5761 ||| READING scroll of identify.
  5761 | D:9      | 5761 ||| IDENTIFYING silvery potion
  5762 | D:9      | 5762 ||| DROPPING potion of brilliance.
  5784 | Lair:1   | Entered Level 1 of the Lair of Beasts
  5790 | Lair:1   | 5790 ||| STAIRDANCE
  5793 | D:9      | Reached skill level 6 in Fighting
  5822 | Lair:1   | Reached XP level 11. HP: 39/64 MP: 16/16
  6056 | Lair:1   | 6056 ||| ZAPPING wand of paralysis (4) at 4,3 (yak; floor).
  6057 | Lair:1   | 6057 ||| RETREEEEATING.
  6058 | Lair:1   | 6058 ||| RETREEEEATING.
  6061 | Lair:1   | 6061 ||| RETREEEEATING.
  6062 | Lair:1   | 6062 ||| RETREEEEATING.
  6063 | Lair:1   | 6063 ||| RETREEEEATING.
  6064 | Lair:1   | 6064 ||| RETREEEEATING.
  6065 | Lair:1   | 6065 ||| RETREEEEATING.
  6066 | Lair:1   | 6066 ||| RETREEEEATING.
  6067 | Lair:1   | 6067 ||| RETREEEEATING.
  6068 | Lair:1   | 6068 ||| RETREEEEATING.
  6069 | Lair:1   | 6069 ||| RETREEEEATING.
  6070 | Lair:1   | 6070 ||| RETREEEEATING.
  6071 | Lair:1   | 6071 ||| INVOKING Heroism.
  6072 | Lair:1   | 6072 ||| ZAPPING wand of paralysis (3) at 1,0 (yak; floor).
  6080 | Lair:1   | 6080 ||| RETREEEEATING.
  6081 | Lair:1   | 6081 ||| RETREEEEATING.
  6081 | Lair:1   | Noticed a death yak
  6082 | Lair:1   | 6082 ||| RETREEEEATING.
  6093 | Lair:1   | Noticed a death yak
  6094 | Lair:1   | 6094 ||| RETREEEEATING.
  6097 | Lair:1   | 6097 ||| RETREEEEATING.
  6098 | Lair:1   | 6098 ||| RETREEEEATING.
  6100 | Lair:1   | Noticed a death yak
  6102 | Lair:1   | 6102 ||| INVOKING Heroism.
  6107 | Lair:1   | 6107 ||| RETREEEEATING.
  6108 | Lair:1   | 6108 ||| RETREEEEATING.
  6109 | Lair:1   | 6109 ||| RETREEEEATING.
  6110 | Lair:1   | 6110 ||| RETREEEEATING.
  6111 | Lair:1   | 6111 ||| RETREEEEATING.
  6112 | Lair:1   | 6112 ||| RETREEEEATING.
  6113 | Lair:1   | 6113 ||| RETREEEEATING.
  6114 | Lair:1   | 6114 ||| RETREEEEATING.
  6120 | Lair:1   | 6120 ||| INVOKING Heroism.
  6120 | Lair:1   | HP: 15/64 [death yak (9)]
  6121 | Lair:1   | 6121 ||| READING 2 scrolls of teleportation.
  6122 | Lair:1   | 6122 ||| DRINKING potion of heal wounds.
  6123 | Lair:1   | 6123 ||| RETREEEEATING.
  6124 | Lair:1   | 6124 ||| FLEEEEING.
  6125 | Lair:1   | 6125 ||| FLEEEEING.
  6126 | Lair:1   | 6126 ||| FLEEEEING.
  6127 | Lair:1   | 6127 ||| FLEEEEING.
  6141 | Lair:1   | 6141 ||| RETREEEEATING.
  6142 | Lair:1   | 6142 ||| RETREEEEATING.
  6143 | Lair:1   | 6143 ||| RETREEEEATING.
  6147 | Lair:1   | 6147 ||| RETREEEEATING.
  6148 | Lair:1   | 6148 ||| RETREEEEATING.
  6149 | Lair:1   | 6149 ||| RETREEEEATING.
  6158 | Lair:1   | Reached skill level 3 in Armour
  6158 | Lair:1   | 6158 ||| FLEEEEING.
  6161 | Lair:1   | HP: 15/64 [komodo dragon (10)]
  6162 | Lair:1   | 6162 ||| READING scroll of teleportation.
  6169 | Lair:1   | 6169 ||| RETREEEEATING.
  6170 | Lair:1   | 6170 ||| RETREEEEATING.
  6172 | Lair:1   | 6172 ||| RETREEEEATING.
  6173 | Lair:1   | 6173 ||| RETREEEEATING.
  6175 | Lair:1   | 6175 ||| RETREEEEATING.
  6178 | Lair:1   | 6178 ||| RETREEEEATING.
  6179 | Lair:1   | 6179 ||| RETREEEEATING.
  6180 | Lair:1   | 6180 ||| RETREEEEATING.
  6181 | Lair:1   | 6181 ||| RETREEEEATING.
  6182 | Lair:1   | 6182 ||| INVOKING Heroism.
  6192 | Lair:1   | HP: 9/64 [death yak (14)]
  6193 | Lair:1   | 6193 ||| RETREEEEATING.
  6194 | Lair:1   | 6194 ||| RETREEEEATING.
  6195 | Lair:1   | 6195 ||| RETREEEEATING.
  6199 | Lair:1   | Killed a death yak
  6199 | Lair:1   | Reached **** piety under Okawaru
  6209 | Lair:1   | 6209 ||| INVOKING Finesse.
  6213 | Lair:1   | HP: 6/64 [death yak (8)]
  6223 | Lair:1   | Killed a death yak
  6306 | Lair:1   | 6306 ||| INVOKING Finesse.
  6314 | Lair:1   | HP: 16/66 [death yak (17)]
  6316 | Lair:1   | Slain by a death yak

Levels and vault maps discovered:
D:1:      zelgadis_glass_arrival_small, layout_basic, serial_bayou_lagoon_a
D:2:      layout_loops_cross, nicolae_concentric_dashed_squares_wild
D:3:      layout_rooms, gammafunk_ghost_mausoleum, uniq_grinder
D:4:      layout_cave_pools
D:5:      layout_rooms
D:6:      layout_cave_pools
D:7:      layout_rooms, minmay_temple_entry_statues_pillars, serial_shops,
          nicolae_diamond_shop, nicolae_shop_self_help, uniq_jeremiah,
          uniq_crazy_yiuf_cottage, uniq_maurice
D:8:      layout_rooms, kennysheep_little_box, ashenzari_conservatory_becter,
          uniq_erica
D:9:      layout_big_octagon, lair_entry_dummy
Temple:   mainiacjoe_temple_cubbyholes
Lair:1:   layout_misc_corridors

Skill      XL: |  1  2  3  4  5  6  7  8  9 10 11 |
---------------+----------------------------------+-----
Ranged Weapons | 6 7 8 10 18 | 18.5
Armour         | 1 2 3 |  3.1
Fighting       | 2 3 4 6 |  6.8
Dodging        | 3 5 8 9 11 | 11.0
Invocations    | 4 |  4.3
Stealth        | |  1.2

Action                     |  1- 3 |  4- 6 |  7- 9 | 10-12 || total
---------------------------+-------+-------+-------+-------++-------
   Fire: Shortbow          |   108 |   110 |       |       ||   218
         Orcbow            |       |     4 |   201 |   350 ||   555
 Invoke: Heroism           |       |       |       |     5 ||     5
         Finesse           |       |       |       |     2 ||     2
  Evoke: Wand              |       |       |     6 |     7 ||    13
    Use: Scroll            |     4 |     3 |     8 |     6 ||    21
         Potion            |       |     2 |     2 |     1 ||     5
 Armour: Leather armour    |    16 |     2 |       |       ||    18
         Ring mail         |       |    19 |    29 |    65 ||   113
  Dodge: Dodged            |    22 |    27 |    65 |   182 ||   296
  Block: Other             |       |       |     3 |    44 ||    47
         Reflection        |       |       |       |     1 ||     1

Table legend:
 A = Non-vault XP
 B = Vault XP
 C = Vault XP percentage of total XP
 D = Non-vault monster count
 E = Vault monster count
 F = Vault count percentage of total count
                 A         B        C        D         E       F
            +---------+---------+-------+---------+---------+-------
      Total |   13210 |    2003 |  13.2 |     172 |       4 |   2.3
            +---------+---------+-------+---------+---------+-------
        D:1 |      56 |       0 |   0.0 |      25 |       0 |   0.0
        D:2 |      53 |       0 |   0.0 |      13 |       0 |   0.0
        D:3 |     125 |     262 |  67.7 |       3 |       1 |  25.0
        D:4 |     239 |       0 |   0.0 |      19 |       0 |   0.0
        D:5 |     524 |       0 |   0.0 |       7 |       0 |   0.0
        D:6 |     539 |       0 |   0.0 |      17 |       0 |   0.0
        D:7 |    1940 |     902 |  31.7 |      17 |       2 |  10.5
        D:8 |    1819 |     839 |  31.6 |      20 |       1 |   4.8
        D:9 |    2493 |       0 |   0.0 |      30 |       0 |   0.0
     Lair:1 |    5422 |       0 |   0.0 |      21 |       0 |   0.0
            +---------+---------+-------+---------+---------+-------
